 Dungeon Crawl Stone Soup version 0.21.0-3-g78d12a8 (webtiles) character file.

179 magipi the Slasher (level 5, 0/45 HPs)
             Began as a Minotaur Fighter on Jan 9, 2018.
             Slain by an orc
             ... wielding a +0 club
              (4 damage)
             ... on level 3 of the Dungeon.
             The game lasted 00:04:20 (733 turns).

magipi the Slasher (Minotaur Fighter)                Turns: 733, Time: 00:04:21

Health: 0/45       AC:  6    Str: 25    XL:     5   Next: 33%
Magic:  4/4        EV:  9    Int:  5    God:
Gold:   98         SH:  0    Dex: 11    Spells: 4/4 levels left

rFire    + . .     SeeInvis .   a - +0 long sword
rCold    + . .     Gourm    .   (no shield)
rNeg     . . .     Faith    .   b - +0 scale mail
rPois    +         Spirit   .   (helmet restricted)
rElec    +         Reflect  .   (no cloak)
rCorr    +         Harm     .   (no gloves)
MR       .....                  (no boots)
Stlth    ..........             (no amulet)
HPRegen  0.15/turn              (no ring)
MPRegen  0.09/turn              (no ring)

@: mighty, resistant, hasted, very quick
A: retaliatory headbutt, horns 2
a: no special abilities


You were on level 3 of the Dungeon.
You were not hungry.

You visited 1 branch of the dungeon, and saw 3 of its levels.

You collected 98 gold pieces.

Inventory:

Hand Weapons
 a - a +0 long sword (weapon)
Missiles
 g - 5 tomahawks (quivered)
Armour
 b - a +0 scale mail (worn)
Scrolls
 c - a scroll of remove curse {unknown}
 e - 2 scrolls of teleportation {unknown}
 l - a scroll of identify {unknown}
Potions
 i - a potion of ambrosia {unknown}
 j - a potion of resistance
 k - 3 potions of haste
Comestibles
 f - 5 rations
 h - 6 chunks of flesh


   Skills:
 - Level 3.6 Fighting
 + Level 6.8 Long Blades
 - Level 3.6 Armour
   Level 3.6 Shields


You had 4 spell levels left.
You didn't know any spells.

Dungeon Overview and Level Annotations

Branches:
Dungeon (3/15)

Altars:


Innate Abilities, Weirdness & Mutations

You reflexively headbutt those who attack you in melee.
You have a pair of horns on your head.


Message History

a dagger; an orc corpse You see here a rat corpse.
You see here an adder corpse.
That item cannot be evoked!
You butcher the adder corpse.
h - 6 chunks of flesh (gained 2)
You start resting.
An orc comes into view.
The orc shouts!
You hear a shout! x3
An orc wizard comes into view. It is wielding a dagger.
There is a stone staircase leading up here.
An orc comes into view. It is wielding a club.
You closely miss the orc. The orc barely misses you. You furiously retaliate!
You headbutt the orc!
You kill the orc!
Unknown command.
You hit the orc wizard. You headbutt the orc wizard!
The orc wizard is almost dead.
The orc wizard hits you but does no damage.
You hit the orc wizard.
You kill the orc wizard!
You have reached level 5!
An orc priest comes into view. It is wielding a flail.
The orc priest shouts!
You hear a shout! x3
Things that are here:
a dagger; a robe You hit the orc priest but do no damage.
The orc closely misses you. The orc priest hits you with a flail.
You closely miss the orc priest. The orc barely misses you.
The orc priest barely misses you.
Unknown command.
You barely miss the orc priest. The orc barely misses you.
The orc priest barely misses you.
You barely miss the orc priest. The orc closely misses you.
An orc comes into view. It is wielding a mace.
You hit the orc priest but do no damage.
You headbutt the orc priest.
The orc priest is moderately wounded.
The orc priest barely misses you. You furiously retaliate!
You headbutt the orc priest, but do no damage.
The orc hits you but does no damage.
You barely miss the orc priest. You headbutt the orc priest.
The orc priest is severely wounded.
The orc priest barely misses you.
You riposte.
You closely miss the orc priest.
The orc priest is severely wounded.
The orc hits you but does no damage.
Your scale mail prevents you from hitting the orc priest.
The orc priest is severely wounded.
The orc priest invokes the aid of Beogh against you.
Beogh smites you!
* * * LOW HITPOINT WARNING * * *
The orc hits you but does no damage.
You slash the orc priest!
You kill the orc priest!
The orc hits you but does no damage. x2
Unknown command.
You closely miss the orc. You headbutt the orc.
The orc is moderately wounded.
The orc closely misses you.
You riposte.
You hit the orc. You headbutt the orc.
You kill the orc!
You closely miss the orc. The orc barely misses you.
You slash the orc!
You kill the orc!
You start resting.
An orc priest comes into view. 2 orcs come into view.
The orc shouts!
An orc comes into view. It is wielding a hand axe of chopping.
The orc priest shouts!
The orc moves out of view.
Items here: ))) [[ a club; a leather armour; a mace; a dagger; a robe The orc priest looks encouraged for a moment.
The orc hits you but does no damage. x2
You hit the orc priest.
The orc priest is lightly wounded.
The orc priest completely misses you.
The orc hits you with a hand axe of chopping.
* * * LOW HITPOINT WARNING * * *
* * * LOW HITPOINT WARNING * * *
The orc completely misses you.
You riposte.
You barely miss the orc.
It was a potion of resistance.
You feel protected.
The orc priest looks satisfied for a moment.
The orc barely misses you. You furiously retaliate!
You headbutt the orc!
You kill the orc!
The orc hits you with a club.
* * * LOW HITPOINT WARNING * * *
The orc barely misses you.
You riposte.
You closely miss the orc. You headbutt the orc.
The orc is heavily wounded.
It was a potion of haste.
You feel yourself speed up. The orc priest hits you.
* * * LOW HITPOINT WARNING * * *
You feel very mighty all of a sudden.
The orc hits you but does no damage. x2; The orc priest hits you.
* * * LOW HITPOINT WARNING * * *
You hit the orc priest. Your headbutt misses the orc priest.
The orc priest is moderately wounded.
The orc hits you with a club.
You die...

.........# .(
..........# .#
#.........##.#
#.......(....##
#.........#...##
#.........#....#
#..............#
#...o....#..##.#
.#####.#.)@o..#)###
#.......###o...)..#
#.......###....)..#
#.........))...<†.#
#........##.......#
#.......###.......#
#.......# #.......#
#.......# #.......#
#.......# #########


You could see an orc priest and 2 orcs.

Vanquished Creatures
  An orc wizard (D:3)
  2 orc priests (D:3)
  A gnoll (D:3)
  3 adders
  A worm (D:2)
  2 dart slugs
  A leopard gecko (D:1)
  5 orcs (D:3)
  3 giant cockroaches
  3 hobgoblins (D:1)
  A kobold (D:2)
  A ball python (D:1)
  9 bats
  8 goblins
  6 rats
47 creatures vanquished.

Vanquished Creatures (others)
  An orc (D:3)
1 creature vanquished.

Grand Total: 48 creatures vanquished

Notes
Turn   | Place    | Note
-------+----------+-------------------------------------------
     0 | D:1      | magipi the Minotaur Fighter began the quest for the Orb.
     0 | D:1      | Reached XP level 1. HP: 19/19 MP: 0/0
    91 | D:1      | Reached skill level 3 in Long Blades
   135 | D:1      | Reached XP level 2. HP: 26/26 MP: 1/1
   333 | D:1      | Reached skill level 4 in Long Blades
   505 | D:2      | Reached XP level 3. HP: 29/31 MP: 2/2
   571 | D:3      | Reached skill level 5 in Long Blades
   571 | D:3      | Reached XP level 4. HP: 30/39 MP: 3/3
   625 | D:3      | Reached skill level 6 in Long Blades
   690 | D:3      | Reached XP level 5. HP: 25/45 MP: 4/4
   733 | D:3      | Slain by an orc

Skill      XL: |  1  2  3  4 |
---------------+-------------+-----
Long Blades    | 3 4 5 6 |  6.8
Fighting       | |  3.6
Armour         | |  3.6
Shields        | |  3.6

Action                   |  1- 3 |  4- 6 || total
-------------------------+-------+-------++-------
Melee: Long sword        |    65 |    28 ||    93
       Headbutt          |     8 |     7 ||    15
  Use: Potion            |       |     3 ||     3
Armor: Scale mail        |    45 |     9 ||    54
Dodge: Dodged            |    46 |    20 ||    66
       Rpst.: Long sword |    11 |     5 ||    16

Action                   |  1- 3 |  4- 6 || total
-------------------------+-------+-------++-------
Melee: Long sword        |    65 |    28 ||    93
       Headbutt          |     8 |     7 ||    15
  Use: Potion            |       |     3 ||     3
Armor: Scale mail        |    45 |     9 ||    54
Dodge: Dodged            |    46 |    20 ||    66
       Rpst.: Long sword |    11 |     5 ||    16
